Unix NetHack Version 5.0.0-0 post-release - last build Jul 19 2026 19:10:59 (3aa4ab31751d3886436d94b585a96704892fd477,branch:main).

Game began 2026-07-28 23:49:33, ended 2026-07-29 00:00:02.

Jinnora, neutral female human Healer

                                                        ------
     ----------           ------------         -----    |....|
     |......`..#####      |..........|         |.<(|    |....|       ---------
     |........|    `######...........|         |....#   |.(...#######-.......|
     |........|       ####|..........|     ####....|#    -|---       |.......|
     |........|     ###   ---.------.-  ## # # -----#     #          |..>..(.|
     |........|  ################e@i#####  ##       #  ####          ---------
     |.........### ##        #    f        #        #  #
     ----.-----   #          #             #        #  #
         ##                  #             #        #  #
          #                  #           ###        #  #
          ####               #           #         #####
             ##              #          ##         #-|------------
              #              #          #          #|...........`|
              # #          --.----.--   #          #|............|
          ----.-.-         |.........####          #.......%.....|
          |......|         |........|               |...........`|
          |......|         |........|               --------------
          --------         ----------

Jinnora the Rhizotomist      St:13 Dx:12 Co:14 In:8 Wi:14 Ch:16  Neutral
Dlvl:5  $:1301 HP:0(18) Pw:11(11) AC:8  Xp:2/31 T:1928 

Latest messages:
 Your kitten grows up into a housecat.
 Your housecat eats a floating eye corpse.
 The housecat misses it.
 The housecat bites it.
 You can move again.
 You swap places with your housecat.
 You swap places with your housecat.
 You swap places with your housecat.
 You swap places with your housecat.
 The housecat bites the gnome.
 The gnome misses the housecat.
 You already found a monster.  Use 'm' prefix to force another search.
 You already found a monster.  Use 'm' prefix to force another search.
 You hit the gnome.
 The housecat bites the gnome.
 The gnome misses the housecat.
 The housecat bites the gnome.
 The gnome is killed!
 What do you want to use or apply? [cg-jnoxCEG or ?*] c
 In what direction? 8
 Status of your housecat (neutral, small):  Level 4  HP 25(27)  AC 5, tame, leashed.
 It misses the grid bug.
 It misses the grid bug.
 You hear some noises.
 You already found a monster.  Use 'm' prefix to force another search.
 You already found a monster.  Use 'm' prefix to force another search.
 You already found a monster.  Use 'm' prefix to force another search.
 You miss the floating eye.
 You are frozen by the floating eye's gaze!
 The grid bug bites!
 You get zapped!
 The grid bug bites!
 You get zapped!
 It bites the grid bug.
 The grid bug is killed!
 The housecat bites the floating eye.
 The housecat is frozen by the floating eye's gaze!
 You hear someone counting gold coins.
 The manes hits!
 The manes hits again!
 The manes bites!
 The manes hits!
 The manes hits again!
 The manes bites!
 The manes hits!
 The manes hits again!
 The manes bites!
 The manes hits!
 You die...
 Do you want your possessions identified? [ynq] (y) q

Inventory:
 Coins    ('$')
  $ - 1301 gold pieces
 Weapons  (')')
  D - an uncursed +0 dagger
  a - an uncursed +0 scalpel (weapon in right hand)
 Armor    ('[')
  b - an uncursed +1 pair of leather gloves (being worn)
 Comestibles  ('%')
  B - 2 uncursed slime molds
  k - 7 uncursed apples
  s - an uncursed food ration
  w - 2 uncursed oranges
  A - an uncursed pear
  q - an uncursed lichen corpse
 Spellbooks  ('+')
  x - an uncursed spellbook of create monster
  i - a blessed spellbook of extra healing
  h - a blessed spellbook of healing
  G - an uncursed spellbook of protection
  j - a blessed spellbook of stone to flesh
 Potions  ('!')
  l - an uncursed potion of booze
  e - 2 blessed potions of extra healing
  f - 2 uncursed potions of extra healing
  z - an uncursed potion of fruit juice
  d - 6 uncursed potions of healing
  p - an uncursed potion of see invisible
  m - an uncursed potion of water
 Rings    ('=')
  t - an uncursed ring of fire resistance
 Wands    ('/')
  g - an uncursed wand of sleep (0:7)
  E - an uncursed wand of stasis (0:4)
 Tools    ('(')
  C - an uncursed leash (attached to your housecat)
  c - an uncursed stethoscope
  n - a cursed tin whistle
 Gems/Stones  ('*')
  u - an uncursed worthless piece of blue glass
  y - a cursed worthless piece of blue glass
  v - 2 uncursed worthless pieces of red glass
  F - an uncursed worthless piece of violet glass
  r - a cursed worthless piece of yellow glass
  o - a cursed touchstone

Jinnora the Healer's attributes:

Background:
 You were a Rhizotomist, a level 2 female human Healer.
 You were neutral, on a mission for Hermes
 who was opposed by Athena (lawful) and Poseidon (chaotic).
 You were right-handed.
 You were in the Dungeons of Doom, on level 5.
 You entered the dungeon 1928 turns ago.
 It was the midnight hour.
 You had 31 experience points, 9 more were needed to attain level 3.

Basics:
 You had 0 out of 18 hit points.
 You had all 11 energy points (spell power).
 Your armor class was 8.
 Your wallet contained 1301 zorkmids.
 Autopickup was off.

Final Characteristics:
 Your strength was 13 (limit:18/100).
 Your dexterity was 12 (limit:18).
 Your constitution was 14 (limit:18).
 Your intelligence was 8 (limit:18).
 Your wisdom was 14 (limit:18).
 Your charisma was 16 (limit:18).

Final Status:
 You weren't hungry.
 You were unencumbered.
 You were wielding a knife.
 You had basic skill with knife.

Final Attributes:
 You were devoutly aligned.
 You were poison resistant.
 You are dead.

Miscellaneous:
 You didn't encounter any bones levels.
 Total elapsed playing time was 10 minutes and 28 seconds.

Major events:
 Turn
    1: Jinnora the neutral female human Healer entered the dungeon
  613: entered the Gnomish Mines
 1928: killed by a manes, while frozen by a floating eye's gaze

Spells:
 Name                 Level Category     Fail Retention
 healing                1   healing        0%  91%-100%
 extra healing          3   healing       68%  91%-100%
 stone to flesh         3   healing       76%  91%-100%

Skills:
 Fighting Skills
   bare handed combat [Unskilled]
 Weapon Skills
   dagger             [Unskilled]
   knife              [Basic]
   short sword        [Unskilled]
   saber              [Unskilled]
   club               [Unskilled]
   mace               [Unskilled]
   quarterstaff       [Unskilled]
   polearms           [Unskilled]
   spear              [Unskilled]
   trident            [Unskilled]
   sling              [Unskilled]
   dart               [Unskilled]
   shuriken           [Unskilled]
   unicorn horn       [Unskilled]
 Spellcasting Skills
   healing spells     [Basic]

Voluntary challenges:
 Character rerolling was not enabled.
 You never genocided any monsters.
 You never polymorphed an object.
 You never changed form.
 You used no wishes.
Achievements:
 You entered the Gnomish Mines.
 You entered a shop.

 The Dungeons of Doom: levels 1 to 6
    Level 1:
       A fountain.
    Level 2:
       A fountain.
       Stairs down to The Gnomish Mines.
    Level 3:
    Level 4:
       A general store, a fountain.
    Level 5: <- You were here.
       Final resting place for
          you, killed by a manes, while frozen by a floating eye's gaze.
    Level 6:
 The Gnomish Mines:
    Level 3:


Vanquished creatures:
  a floating eye
  a dwarf zombie
 an iguana
  a hobbit
  2 yellow molds
  a green mold
  5 gnomes
  4 geckos
  5 jackals
  a kobold
  a goblin
  7 grid bugs
  2 lichens
  a kobold zombie
  2 newts
35 creatures vanquished.

No species were genocided or became extinct.

Game over:
                       ----------
                      /          \
                     /    REST    \
                    /      IN      \
                   /     PEACE      \
                  /                  \
                  |     Jinnora      |
                  |     1301 Au      |
                  |   killed by a    |
                  |      manes       |
                  |                  |
                  |                  |
                  |       2026       |
                 *|     *  *  *      | *
        _________)/\\_//(\/(/\)/\//\/|_)_______

Goodbye Jinnora the Healer...

You died in The Dungeons of Doom on dungeon level 5 with 418 points,
and 1301 pieces of gold, after 1928 moves.
You were level 2 with a maximum of 18 hit points when you died.

